Whalers vs Jets

Created - 20 octobre 2017 at 16:21

Goals
1 2 3 T
Whalers 0 0 3 3
Jets 0 1 1 2
Shots
1 2 3 T
Whalers 7 12 19 38
Jets 15 11 8 34

1st period

No Goal

Penalties :
Josh Manson (WIN) for Interference (Minor) at 8:45

2nd period

1. Jets , Brett Ritchie 2 (Duncan Keith 2, Jimmy Vesey 1) at 0:57

Penalties :
No Penalty

3rd period

2. Jets , Nathan MacKinnon 5 (Alex Galchenyuk 2) at 0:37 (PP)
3. Whalers , Byron Froese 2 (Dustin Byfuglien 4, Nic Dowd 3) at 8:05
4. Whalers , Ryan Callahan 2 (Brooks Orpik 2) at 8:38
5. Whalers , Loui Eriksson 1 (Kris Versteeg 2, Drake Caggiula 3) at 14:42

Penalties :
Dustin Byfuglien (HAR) for Interference (Minor) at 0:05, Josh Manson (WIN) for Hooking (Minor) at 1:12

Goalie Stats

Louis Domingue (HAR), 32 saves from 34 shots - (0,941), W, 1-1-0, 60:00 minutes
Craig Anderson (WIN), 35 saves from 38 shots - (0,921), L, 1-4-1, 60:00 minutes

Players Stats for Whalers

Player Name              G  A  P  +/- PIM S  H  SB GA TA FO     MP     PP MP  PK MP  
------------------------------------------------------------------------------------
Austin Watson            0  0  0   0  0   0  1  1  0  0  5/27   21:50   2:04   0:00 
Brooks Orpik             0  1  1  -1  0   0  0  2  0  1  0/0    18:39   1:34   0:00 
Byron Froese             1  0  1   1  0   1  0  1  1  0  0/0     8:12   0:00   0:00 
Dennis Wideman           0  0  0  -1  0   0  0  1  0  1  0/0    18:39   1:34   0:00 
Drake Caggiula           0  1  1   1  0   3  2  0  1  1  6/18   16:51   1:44   0:00 
Dustin Byfuglien         0  1  1   2  2   0  2  1  1  1  0/0    28:01   2:24   0:00 
Jaycob Megna             0  0  0   1  0   0  0  1  0  0  0/0     8:09   0:00   0:00 
Jonny Brodzinski         0  0  0   0  0   3  1  0  0  0  1/1    13:29   0:00   0:00 
Kris Russell             0  0  0   1  0   4  1  2  0  2  0/0    22:04   2:24   0:32 
Kris Versteeg            0  1  1   1  0   6  4  0  0  1  1/2    15:52   1:44   0:00 
Lance Bouma              0  0  0   0  0   0  1  1  1  0  3/8    13:39   0:10   0:00 
Loui Eriksson            1  0  1   1  0   3  2  0  1  1  0/1    15:52   1:44   0:00 
Mark Barberio            0  0  0   1  0   1  0  1  0  0  0/0    11:08   0:00   0:00 
Nic Dowd                 0  1  1   1  0   1  1  0  1  0  0/1     8:29   0:00   0:00 
Phil Kessel              0  0  0   0  0   5  2  2  2  2  1/4    22:27   2:14   0:32 
Ryan Callahan            1  0  1   0  0   4  2  0  0  0  0/0    14:00   0:10   0:00 
Ryan Pulock              0  0  0   1  0   0  0  0  0  0  0/0    11:40   0:00   0:32 
Scott Hartnell           0  0  0   0  0   6  8  0  2  0  0/2    22:17   2:04   0:32 
Tommy Cross              0  0  0   1  0   1  0  0  0  0  0/0     8:09   0:00   0:00 

Players Stats for Jets

Player Name              G  A  P  +/- PIM S  H  SB GA TA FO     MP     PP MP  PK MP  
------------------------------------------------------------------------------------
Alex Galchenyuk          0  1  1  -1  0   11 1  0  3  1  1/3    18:23   0:32   0:30 
Brett Ritchie            1  0  1  -1  0   4  1  0  0  0  0/0    13:14   0:00   0:00 
Colton Sissons           0  0  0  -1  0   0  3  0  1  0  4/10   14:28   0:00   1:00 
Duncan Keith             0  1  1  -2  0   2  1  2  0  0  0/0    23:51   0:32   1:14 
Eric Fehr                0  0  0   0  0   0  0  0  0  0  0/0     7:09   0:00   0:00 
Frederick Gaudreau       0  0  0  -1  0   1  1  2  1  1  18/21  17:23   0:00   0:00 
Jacob Josefson           0  0  0   0  0   1  1  1  0  0  0/0     9:37   0:00   2:28 
Jay McClement            0  0  0   0  0   2  1  0  0  0  5/6     9:14   0:00   2:05 
Jimmy Vesey              0  1  1  -1  0   1  1  0  0  0  1/1    14:24   0:00   0:53 
Josh Gorges              0  0  0  -2  0   2  1  0  0  2  0/0    21:58   0:00   1:17 
Josh Manson              0  0  0  -1  4   0  0  3  0  2  0/0    22:55   0:00   0:00 
Joshua Morrissey         0  0  0  -1  0   3  0  3  0  4  0/0    24:38   0:32   0:22 
Marian Hossa             0  0  0  -1  0   2  2  2  1  0  1/2    18:07   0:00   0:00 
Mark Pysyk               0  0  0   1  0   0  3  1  0  0  0/0    13:06   0:00   2:22 
Nate Prosser             0  0  0   1  0   2  0  1  0  0  0/0    13:06   0:00   2:22 
Nathan MacKinnon         1  0  1   0  0   1  0  0  2  0  16/20  18:40   0:32   0:19 
Troy Brouwer             0  0  0   0  0   2  1  0  0  0  0/0    17:43   0:00   1:00 
Wayne Simmonds           0  0  0   0  0   0  3  1  2  0  1/1    18:04   0:32   0:00 

3 Stars

1 - Loui Eriksson (HAR)
2 - Louis Domingue (HAR)
3 - Byron Froese (HAR)

Power Play

Whalers - 0 on 2 Attempt(s) - 0,00%
Jets - 1 on 1 Attempt(s) - 100,00%

Penalty Kill

Whalers - 0 on 1 Attempt(s) - 0,00% - Score 0 goal in Penalty Kill
Jets - 2 on 2 Attempt(s) - 100,00% - Score 0 goal in Penalty Kill

Team Stat

Whalers - Hits : 27 - Faceoff Wins : 17 - Blocked Shots : 13 - Penalty Minutes : 2
Jets - Hits : 20 - Faceoff Wins : 47 - Blocked Shots : 16 - Penalty Minutes : 4

Official

Referees : Dave Jackson and Wes McCauley
Linesman : Mark Shewchyk and Mark Wheler

Game Notes

No Game Note

Finance

Level 1 -- Attendance: 5919 (98,65%) -- Ticket Income 532 710 $
Level 2 -- Attendance: 4863 (97,26%) -- Ticket Income 267 465 $
Level 3 -- Attendance: 1552 (77,60%) -- Ticket Income 62 080 $
Level 4 -- Attendance: 4000 (100,00%) -- Ticket Income 88 000 $
Luxury Box -- Attendance: 773 (77,30%) -- Ticket Income 154 600 $
Game was played at the No Name Arena.
Total Attendance: 17107 (95,04%)
Total Ticket Income: 1 104 855 $
Other Income: 541 379 $
Total Income: 1 646 234 $

Whalers

5 vs 5 Forward 
   Center                   Left Wing                Right Wing               Time % Phy DF OF 
 1 Austin Watson            Scott Hartnell           Phil Kessel              40     1   2  2  
 2 Drake Caggiula           Loui Eriksson            Kris Versteeg            30     1   2  2  
 3 Lance Bouma              Ryan Callahan            Jonny Brodzinski         20     1   2  2  
 4 Nic Dowd                 Dustin Byfuglien         Byron Froese             10     1   2  2  

5 vs 5 Defense 
   Defense                  Defense                                           Time % Phy DF OF 
 1 Dustin Byfuglien         Kris Russell                                      40     1   2  2  
 2 Brooks Orpik             Dennis Wideman                                    30     1   2  2  
 3 Mark Barberio            Ryan Pulock                                       20     1   2  2  
 4 Jaycob Megna             Tommy Cross                                       10     1   2  2  

PowerPlay Forward 
   Center                   Left Wing                Right Wing               Time % Phy DF OF 
 1 Austin Watson            Scott Hartnell           Phil Kessel              60     1   2  2  
 2 Drake Caggiula           Loui Eriksson            Kris Versteeg            40     1   2  2  

PowerPlay Defense
   Defense                  Defense                                           Time % Phy DF OF 
 1 Dustin Byfuglien         Kris Russell                                      60     1   2  2  
 2 Brooks Orpik             Dennis Wideman                                    40     1   2  2  

Penalty Kill 4 Players Forward 
   Center                   Wing                     Time % Phy DF OF 
 1 Phil Kessel              Scott Hartnell           60     1   2  2  
 2 Loui Eriksson            Kris Versteeg            40     1   2  2  

Penalty Kill 4 Players Defense
   Defense                  Defense                  Time % Phy DF OF 
 1 Dustin Byfuglien         Kris Russell             60     1   2  2  
 2 Brooks Orpik             Dennis Wideman           40     1   2  2  

Penalty Kill - 3 Players Forward 
   Forward                                           Time % Phy DF OF 
 1 Phil Kessel                                       60     1   2  2  
 2 Scott Hartnell                                    40     1   2  2  

Penalty Kill - 3 Players Defense
   Defense                  Defense                  Time % Phy DF OF 
 1 Dustin Byfuglien         Kris Russell             60     1   2  2  
 2 Brooks Orpik             Dennis Wideman           40     1   2  2  

4 vs 4 Forward 
   Center                   Wing                     Time % Phy DF OF 
 1 Phil Kessel              Scott Hartnell           60     1   2  2  
 2 Loui Eriksson            Kris Versteeg            40     1   2  2  

4 vs 4 Defense
   Defense                  Defense                  Time % Phy DF OF 
 1 Dustin Byfuglien         Kris Russell             60     1   2  2  
 2 Brooks Orpik             Dennis Wideman           40     1   2  2  

Last Minutes Offensive
   Center                   Left Wing                Right Wing               Defense                  Defense                  
   Austin Watson            Scott Hartnell           Phil Kessel              Dustin Byfuglien         Kris Russell             

Last Minutes Defensive
   Center                   Left Wing                Right Wing               Defense                  Defense                  
   Austin Watson            Scott Hartnell           Phil Kessel              Dustin Byfuglien         Kris Russell             

Goaltenders
Starting : Louis Domingue           
Backup : Connor Hellebuyck        

Extra Forwards
Normal : Ryan Callahan, Lance Bouma, Nic Dowd - PP : Ryan Callahan, Lance Bouma - PK : Nic Dowd
Extra Defensemen
Normal : Mark Barberio, Ryan Pulock, Jaycob Megna - PP : Mark Barberio - PK : Ryan Pulock, Jaycob Megna
Penalty Shots
Dustin Byfuglien, Phil Kessel, Scott Hartnell, Loui Eriksson, Kris Versteeg
Custom OT Lines Forwards
Dustin Byfuglien, Phil Kessel, Scott Hartnell, Loui Eriksson, Kris Versteeg, Ryan Callahan, Austin Watson, Drake Caggiula, Lance Bouma, Nic Dowd
Custom OT Lines Defensemen
Dustin Byfuglien, Kris Russell, Brooks Orpik, Dennis Wideman, Mark Barberio

Scratches
Derek Stepan (Healthy)

Jets

5 vs 5 Forward 
   Center                   Left Wing                Right Wing               Time % Phy DF OF 
 1 Nathan MacKinnon         Wayne Simmonds           Troy Brouwer             33     1   2  2  
 2 Frederick Gaudreau       Alex Galchenyuk          Marian Hossa             33     1   2  2  
 3 Colton Sissons           Jimmy Vesey              Brett Ritchie            24     1   2  2  
 4 Jay McClement            Jacob Josefson           Eric Fehr                10     1   2  2  

5 vs 5 Defense 
   Defense                  Defense                                           Time % Phy DF OF 
 1 Josh Manson              Joshua Morrissey                                  38     0   3  2  
 2 Duncan Keith             Josh Gorges                                       36     1   2  2  
 3 Nate Prosser             Mark Pysyk                                        15     2   2  1  
 4 Josh Manson              Joshua Morrissey                                  11     2   3  0  

PowerPlay Forward 
   Center                   Left Wing                Right Wing               Time % Phy DF OF 
 1 Nathan MacKinnon         Alex Galchenyuk          Wayne Simmonds           60     1   2  2  
 2 Frederick Gaudreau       Jimmy Vesey              Marian Hossa             40     1   2  2  

PowerPlay Defense
   Defense                  Defense                                           Time % Phy DF OF 
 1 Duncan Keith             Joshua Morrissey                                  50     1   2  2  
 2 Nate Prosser             Josh Manson                                       50     1   2  2  

Penalty Kill 4 Players Forward 
   Center                   Wing                     Time % Phy DF OF 
 1 Jay McClement            Jacob Josefson           60     1   2  2  
 2 Colton Sissons           Troy Brouwer             40     1   2  2  

Penalty Kill 4 Players Defense
   Defense                  Defense                  Time % Phy DF OF 
 1 Nate Prosser             Mark Pysyk               60     1   2  2  
 2 Josh Gorges              Josh Manson              40     1   2  2  

Penalty Kill - 3 Players Forward 
   Forward                                           Time % Phy DF OF 
 1 Jay McClement                                     60     1   2  2  
 2 Colton Sissons                                    40     1   2  2  

Penalty Kill - 3 Players Defense
   Defense                  Defense                  Time % Phy DF OF 
 1 Josh Gorges              Mark Pysyk               60     1   2  2  
 2 Duncan Keith             Josh Manson              40     1   2  2  

4 vs 4 Forward 
   Center                   Wing                     Time % Phy DF OF 
 1 Frederick Gaudreau       Troy Brouwer             60     1   2  2  
 2 Alex Galchenyuk          Marian Hossa             40     1   2  2  

4 vs 4 Defense
   Defense                  Defense                  Time % Phy DF OF 
 1 Mark Pysyk               Josh Manson              60     1   2  2  
 2 Duncan Keith             Josh Gorges              40     1   2  2  

Last Minutes Offensive
   Center                   Left Wing                Right Wing               Defense                  Defense                  
   Nathan MacKinnon         Wayne Simmonds           Marian Hossa             Duncan Keith             Joshua Morrissey         

Last Minutes Defensive
   Center                   Left Wing                Right Wing               Defense                  Defense                  
   Jay McClement            Jacob Josefson           Colton Sissons           Duncan Keith             Josh Gorges              

Goaltenders
Starting : Craig Anderson           
Backup : Anton Forsberg           

Extra Forwards
Normal : Frederick Gaudreau, Alex Galchenyuk, Nathan MacKinnon - PP : Brett Ritchie, Eric Fehr - PK : Jimmy Vesey
Extra Defensemen
Normal : Duncan Keith, Joshua Morrissey, Nate Prosser - PP : Mark Pysyk - PK : Duncan Keith, Joshua Morrissey
Penalty Shots
Jacob Josefson, Wayne Simmonds, Nathan MacKinnon, Jimmy Vesey, Frederick Gaudreau
Custom OT Lines Forwards
Alex Galchenyuk, Colton Sissons, Nathan MacKinnon, Wayne Simmonds, Jimmy Vesey, Marian Hossa, Frederick Gaudreau, Eric Fehr, Brett Ritchie, Jacob Josefson
Custom OT Lines Defensemen
Duncan Keith, Joshua Morrissey, Mark Pysyk, Nate Prosser, Josh Manson

Scratches
Nathan Paetsch (Healthy), Travis Hamonic (Healthy), Ondrej Pavelec (Healthy), Magnus Hellberg (Healthy)

% Time on Ice - Whalers

Lines # - Real PCT - Wanted PCT - Time Play
Normal Forward
1 - 34% - 40% - 18:38
2 - 26% - 30% - 14:08
3 - 25% - 20% - 13:29
4 - 15% - 10% - 8:12
Normal Defense
1 - 33% - 40% - 18:05
2 - 31% - 30% - 17:05
3 - 20% - 20% - 11:08
4 - 15% - 10% - 8:09
PP Forward
1 - 56% - 60% - 2:14
2 - 44% - 40% - 1:44
PP Defense
1 - 61% - 60% - 2:24
2 - 39% - 40% - 1:34
PK Forward
1 - 100% - 60% - 0:32
2 - 0% - 40% - 0:00
PK Defense
1 - 100% - 60% - 0:32
2 - 0% - 40% - 0:00
PK3 Forward
1 - 0% - 60%
2 - 0% - 40%
PK3 Defense
1 - 0% - 60%
2 - 0% - 40%
44 Forward
1 - 0% - 60%
2 - 0% - 40%
44 Defense
1 - 0% - 60%
2 - 0% - 40%
Last Minute Offensive  - 0:00
Last Minute Defensive  - 1:03
Total
Forward - 60:00
Defense - 60:00

% Time on Ice - Jets

Lines # - Real PCT - Wanted PCT - Time Play
Normal Forward
1 - 31% - 33% - 16:46
2 - 32% - 33% - 17:18
3 - 24% - 24% - 13:14
4 - 13% - 10% - 7:09
Normal Defense
1 - 35% - 38% - 19:13
2 - 38% - 36% - 20:47
3 - 20% - 15% - 10:44
4 - 7% - 11% - 3:43
PP Forward
1 - 100% - 60% - 0:32
2 - 0% - 40% - 0:00
PP Defense
1 - 100% - 50% - 0:32
2 - 0% - 50% - 0:00
PK Forward
1 - 75% - 60% - 2:58
2 - 25% - 40% - 1:00
PK Defense
1 - 60% - 60% - 2:22
2 - 40% - 40% - 1:36
PK3 Forward
1 - 0% - 60%
2 - 0% - 40%
PK3 Defense
1 - 0% - 60%
2 - 0% - 40%
44 Forward
1 - 0% - 60%
2 - 0% - 40%
44 Defense
1 - 0% - 60%
2 - 0% - 40%
Last Minute Offensive  - 1:03
Last Minute Defensive  - 0:00
Total
Forward - 60:00
Defense - 60:00

Play by Play

1st period


0:01 of 1st period - Nathan MacKinnon wins face-off versus Austin Watson in neutral zone.
0:34 of 1st period - Snap shot by Marian Hossa.
0:34 of 1st period - Shot Misses the Net.
0:36 of 1st period - Slapshot by Josh Manson.
0:36 of 1st period - Shot Misses the Net.
0:48 of 1st period - Slapshot by Loui Eriksson.
0:48 of 1st period - Shot Blocked by Duncan Keith.
1:30 of 1st period - Wrist shot by Marian Hossa.
1:30 of 1st period - Shot Misses the Net.
1:32 of 1st period - Backhand shot by Nate Prosser.
1:32 of 1st period - Stopped by Louis Domingue without a rebound.
1:33 of 1st period - Frederick Gaudreau wins face-off versus Drake Caggiula in Whalers zone.
1:34 of 1st period - Snap shot by Alex Galchenyuk.
1:34 of 1st period - Stopped by Louis Domingue with a rebound.
1:36 of 1st period - Backhand shot by Frederick Gaudreau.
1:36 of 1st period - Stopped by Louis Domingue without a rebound.
1:37 of 1st period - Colton Sissons wins face-off versus Loui Eriksson in Whalers zone.
3:06 of 1st period - Snap shot by Alex Galchenyuk.
3:06 of 1st period - Stopped by Louis Domingue with a rebound.
3:08 of 1st period - Slapshot by Nate Prosser.
3:08 of 1st period - Shot Blocked by Jaycob Megna.
3:14 of 1st period - Snap shot by Marian Hossa.
3:14 of 1st period - Shot Misses the Net.
4:30 of 1st period - Slapshot by Marian Hossa.
4:30 of 1st period - Stopped by Louis Domingue with a rebound.
4:32 of 1st period - Slapshot by Josh Manson.
4:32 of 1st period - Shot Blocked by Austin Watson.
4:34 of 1st period - Slapshot by Marian Hossa.
4:34 of 1st period - Stopped by Louis Domingue with a rebound.
5:05 of 1st period - Brett Ritchie is hit by Kris Versteeg and loses puck.
5:22 of 1st period - Brett Ritchie is hit by Scott Hartnell and loses puck.
5:57 of 1st period - Wrist shot by Alex Galchenyuk.
5:57 of 1st period - Stopped by Louis Domingue without a rebound.
5:58 of 1st period - Frederick Gaudreau wins face-off versus Lance Bouma in Whalers zone.
6:01 of 1st period - Wrist shot by Alex Galchenyuk.
6:01 of 1st period - Shot Blocked by Lance Bouma.
6:09 of 1st period - Wrist shot by Jonny Brodzinski.
6:09 of 1st period - Deflect By Ryan Callahan.
6:09 of 1st period - Stopped by Craig Anderson with a rebound.
6:23 of 1st period - Wrist shot by Jonny Brodzinski.
6:23 of 1st period - Stopped by Craig Anderson with a rebound.
6:25 of 1st period - Snap shot by Lance Bouma.
6:25 of 1st period - Shot Misses the Net.
6:27 of 1st period - Slapshot by Brooks Orpik.
6:27 of 1st period - Deflect By Lance Bouma.
6:27 of 1st period - Shot Blocked by Joshua Morrissey.
6:27 of 1st period - Puck is out of play.
6:28 of 1st period - Nathan MacKinnon wins face-off versus Austin Watson in Jets zone.
7:17 of 1st period - Wrist shot by Alex Galchenyuk.
7:17 of 1st period - Stopped by Louis Domingue with a rebound.
7:43 of 1st period - Snap shot by Jacob Josefson.
7:43 of 1st period - Shot Misses the Net.
8:17 of 1st period - Wrist shot by Alex Galchenyuk.
8:17 of 1st period - Stopped by Louis Domingue with a rebound.
8:29 of 1st period - Snap shot by Ryan Callahan.
8:29 of 1st period - Deflect By Jonny Brodzinski.
8:29 of 1st period - Stopped by Craig Anderson with a rebound.
8:31 of 1st period - Snap shot by Ryan Callahan.
8:31 of 1st period - Shot Misses the Net.
8:33 of 1st period - Snap shot by Ryan Callahan.
8:33 of 1st period - Stopped by Craig Anderson with a rebound.
8:35 of 1st period - Snap shot by Lance Bouma.
8:35 of 1st period - Shot Blocked by Josh Manson.
8:37 of 1st period - Snap shot by Jonny Brodzinski.
8:37 of 1st period - Shot Blocked by Marian Hossa.
8:39 of 1st period - Snap shot by Ryan Callahan.
8:39 of 1st period - Shot Blocked by Frederick Gaudreau.
8:45 of 1st period - Minor Penalty to Josh Manson for Interference.
8:46 of 1st period - Jay McClement wins face-off versus Austin Watson in Jets zone.
8:46 of 1st period - Jay McClement is hit by Scott Hartnell.
10:15 of 1st period - Duncan Keith is hit by Drake Caggiula and loses puck.
10:45 of 1st period - Penalty to Josh Manson is over, Josh Manson is back on ice.
10:48 of 1st period - Alex Galchenyuk is hit by Ryan Callahan and loses puck.
12:27 of 1st period - Slapshot by Jimmy Vesey.
12:27 of 1st period - Stopped by Louis Domingue with a rebound.
14:36 of 1st period - Snap shot by Jimmy Vesey.
14:36 of 1st period - Shot Misses the Net.
14:38 of 1st period - Slapshot by Joshua Morrissey.
14:38 of 1st period - Deflect By Brett Ritchie.
14:38 of 1st period - Stopped by Louis Domingue with a rebound.
14:40 of 1st period - Slapshot by Joshua Morrissey.
14:40 of 1st period - Stopped by Louis Domingue with a rebound.
14:42 of 1st period - Slapshot by Joshua Morrissey.
14:42 of 1st period - Stopped by Louis Domingue without a rebound.
14:43 of 1st period - Austin Watson wins face-off versus Colton Sissons in Whalers zone.
15:01 of 1st period - Icing by Brett Ritchie.
15:02 of 1st period - Jimmy Vesey wins face-off versus Drake Caggiula in Jets zone.
15:57 of 1st period - Wrist shot by Ryan Callahan.
15:57 of 1st period - Deflect By Lance Bouma.
15:57 of 1st period - Shot Misses the Net.
15:57 of 1st period - Puck is out of play.
15:58 of 1st period - Frederick Gaudreau wins face-off versus Lance Bouma in Jets zone.
15:58 of 1st period - Frederick Gaudreau is hit by Jonny Brodzinski.
16:10 of 1st period - Snap shot by Ryan Callahan.
16:10 of 1st period - Stopped by Craig Anderson with a rebound.
17:04 of 1st period - Wrist shot by Phil Kessel.
17:04 of 1st period - Stopped by Craig Anderson with a rebound.
17:34 of 1st period - Wrist shot by Wayne Simmonds.
17:34 of 1st period - Shot Blocked by Brooks Orpik.
17:36 of 1st period - Slapshot by Nate Prosser.
17:36 of 1st period - Stopped by Louis Domingue without a rebound.
17:37 of 1st period - Frederick Gaudreau wins face-off versus Drake Caggiula in Whalers zone.
18:13 of 1st period - Wrist shot by Jonny Brodzinski.
18:13 of 1st period - Stopped by Craig Anderson with a rebound.
18:50 of 1st period - Slapshot by Alex Galchenyuk.
18:50 of 1st period - Stopped by Louis Domingue without a rebound.
18:51 of 1st period - Drake Caggiula wins face-off versus Alex Galchenyuk in Whalers zone.
19:19 of 1st period - Wrist shot by Brett Ritchie.
19:19 of 1st period - Shot Misses the Net.
19:38 of 1st period - Lance Bouma is hit by Mark Pysyk and loses puck.
Goals for this period are 0 for Whalers vs 0 for Jets.
Shots for this period are 7 for Whalers vs 15 for Jets.

2nd period


0:01 of 2nd period - Frederick Gaudreau wins face-off versus Austin Watson in neutral zone.
0:25 of 2nd period - Drake Caggiula is hit by Troy Brouwer and loses puck.
0:57 of 2nd period - Snap shot by Brett Ritchie.
0:57 of 2nd period - Goal by Brett Ritchie - Whalers : 0 - Jets : 1.
0:58 of 2nd period - Marian Hossa wins face-off versus Austin Watson in neutral zone.
1:26 of 2nd period - Wrist shot by Brett Ritchie.
1:26 of 2nd period - Shot Blocked by Dustin Byfuglien.
1:28 of 2nd period - Backhand shot by Brett Ritchie.
1:28 of 2nd period - Stopped by Louis Domingue with a rebound.
1:30 of 2nd period - Snap shot by Jimmy Vesey.
1:30 of 2nd period - Shot Blocked by Kris Russell.
1:50 of 2nd period - Snap shot by Drake Caggiula.
1:50 of 2nd period - Shot Blocked by Duncan Keith.
1:52 of 2nd period - Slapshot by Kris Russell.
1:52 of 2nd period - Deflect By Troy Brouwer.
1:52 of 2nd period - Stopped by Craig Anderson without a rebound.
1:53 of 2nd period - Frederick Gaudreau wins face-off versus Drake Caggiula in Jets zone.
1:53 of 2nd period - Frederick Gaudreau is hit by Kris Versteeg.
2:02 of 2nd period - Off-side.
2:03 of 2nd period - Drake Caggiula wins face-off versus Alex Galchenyuk in neutral zone.
2:39 of 2nd period - Icing by Joshua Morrissey.
2:40 of 2nd period - Frederick Gaudreau wins face-off versus Phil Kessel in Jets zone.
2:40 of 2nd period - Frederick Gaudreau is hit by Scott Hartnell.
2:56 of 2nd period - Snap shot by Alex Galchenyuk.
2:56 of 2nd period - Shot Blocked by Kris Russell.
2:58 of 2nd period - Snap shot by Marian Hossa.
2:58 of 2nd period - Shot Misses the Net.
3:00 of 2nd period - Slapshot by Joshua Morrissey.
3:00 of 2nd period - Deflect By Alex Galchenyuk.
3:00 of 2nd period - Shot Misses the Net.
3:00 of 2nd period - Puck is out of play.
3:01 of 2nd period - Nathan MacKinnon wins face-off versus Lance Bouma in Whalers zone.
3:38 of 2nd period - Jimmy Vesey is hit by Dustin Byfuglien and loses puck.
3:43 of 2nd period - Wrist shot by Phil Kessel.
3:43 of 2nd period - Shot Blocked by Mark Pysyk.
3:53 of 2nd period - Loui Eriksson is hit by Jay McClement and loses puck.
4:09 of 2nd period - Icing by Joshua Morrissey.
4:10 of 2nd period - Jay McClement wins face-off versus Nic Dowd in Jets zone.
5:34 of 2nd period - Slapshot by Drake Caggiula.
5:34 of 2nd period - Stopped by Craig Anderson with a rebound.
5:36 of 2nd period - Backhand shot by Drake Caggiula.
5:36 of 2nd period - Shot Misses the Net.
5:44 of 2nd period - Snap shot by Loui Eriksson.
5:44 of 2nd period - Stopped by Craig Anderson without a rebound.
5:45 of 2nd period - Frederick Gaudreau wins face-off versus Scott Hartnell in Jets zone.
6:52 of 2nd period - Nic Dowd is hit by Josh Gorges and loses puck.
7:03 of 2nd period - Slapshot by Jacob Josefson.
7:03 of 2nd period - Shot Blocked by Byron Froese.
7:13 of 2nd period - Ryan Callahan is hit by Frederick Gaudreau and loses puck.
7:32 of 2nd period - Dennis Wideman is hit by Wayne Simmonds and loses puck.
7:51 of 2nd period - Slapshot by Brett Ritchie.
7:51 of 2nd period - Stopped by Louis Domingue with a rebound.
7:59 of 2nd period - Snap shot by Loui Eriksson.
7:59 of 2nd period - Shot Misses the Net.
9:09 of 2nd period - Snap shot by Kris Versteeg.
9:09 of 2nd period - Shot Misses the Net.
10:07 of 2nd period - Slapshot by Dustin Byfuglien.
10:07 of 2nd period - Deflect By Wayne Simmonds.
10:07 of 2nd period - Shot Misses the Net.
10:07 of 2nd period - Puck is out of play.
10:08 of 2nd period - Kris Versteeg wins face-off versus Marian Hossa in Jets zone.
10:41 of 2nd period - Snap shot by Wayne Simmonds.
10:41 of 2nd period - Shot Misses the Net.
11:25 of 2nd period - Snap shot by Kris Versteeg.
11:25 of 2nd period - Stopped by Craig Anderson with a rebound.
11:43 of 2nd period - Snap shot by Frederick Gaudreau.
11:43 of 2nd period - Deflect By Alex Galchenyuk.
11:43 of 2nd period - Shot Blocked by Phil Kessel.
11:43 of 2nd period - Puck is out of play.
11:44 of 2nd period - Nathan MacKinnon wins face-off versus Austin Watson in Whalers zone.
11:47 of 2nd period - Backhand shot by Wayne Simmonds.
11:47 of 2nd period - Shot Blocked by Phil Kessel.
11:57 of 2nd period - Nate Prosser is hit by Phil Kessel.
12:01 of 2nd period - Troy Brouwer is hit by Phil Kessel and loses puck.
12:10 of 2nd period - Mark Pysyk is hit by Scott Hartnell and loses puck.
12:21 of 2nd period - Scott Hartnell is hit by Mark Pysyk and loses puck.
12:32 of 2nd period - Slapshot by Mark Barberio.
12:32 of 2nd period - Deflect By Scott Hartnell.
12:32 of 2nd period - Stopped by Craig Anderson with a rebound.
12:34 of 2nd period - Snap shot by Phil Kessel.
12:34 of 2nd period - Stopped by Craig Anderson with a rebound.
12:36 of 2nd period - Wrist shot by Phil Kessel.
12:36 of 2nd period - Stopped by Craig Anderson with a rebound.
12:38 of 2nd period - Wrist shot by Phil Kessel.
12:38 of 2nd period - Deflect By Nathan MacKinnon.
12:38 of 2nd period - Stopped by Craig Anderson with a rebound.
12:58 of 2nd period - Nate Prosser is hit by Scott Hartnell and loses puck.
13:11 of 2nd period - Snap shot by Nathan MacKinnon.
13:11 of 2nd period - Shot Misses the Net.
13:37 of 2nd period - Snap shot by Austin Watson.
13:37 of 2nd period - Shot Blocked by Wayne Simmonds.
13:39 of 2nd period - Slapshot by Tommy Cross.
13:39 of 2nd period - Stopped by Craig Anderson without a rebound.
13:40 of 2nd period - Frederick Gaudreau wins face-off versus Drake Caggiula in Jets zone.
13:40 of 2nd period - Frederick Gaudreau is hit by Drake Caggiula.
14:36 of 2nd period - Jacob Josefson is hit by Nic Dowd and loses puck.
14:50 of 2nd period - Off-side.
14:51 of 2nd period - Frederick Gaudreau wins face-off versus Lance Bouma in neutral zone.
14:56 of 2nd period - Jonny Brodzinski is hit by Alex Galchenyuk and loses puck.
15:10 of 2nd period - Icing by Frederick Gaudreau.
15:11 of 2nd period - Frederick Gaudreau wins face-off versus Drake Caggiula in Jets zone.
15:28 of 2nd period - Drake Caggiula is hit by Jimmy Vesey and loses puck.
15:37 of 2nd period - Colton Sissons is hit by Loui Eriksson.
15:49 of 2nd period - Snap shot by Kris Versteeg.
15:49 of 2nd period - Stopped by Craig Anderson without a rebound.
15:50 of 2nd period - Lance Bouma wins face-off versus Frederick Gaudreau in Jets zone.
15:57 of 2nd period - Wrist shot by Ryan Callahan.
15:57 of 2nd period - Shot Blocked by Marian Hossa.
15:59 of 2nd period - Slapshot by Lance Bouma.
15:59 of 2nd period - Shot Misses the Net.
16:01 of 2nd period - Snap shot by Ryan Callahan.
16:01 of 2nd period - Shot Misses the Net.
16:03 of 2nd period - Backhand shot by Kris Russell.
16:03 of 2nd period - Shot Blocked by Frederick Gaudreau.
16:24 of 2nd period - Kris Russell is hit by Mark Pysyk.
16:28 of 2nd period - Kris Russell is hit by Marian Hossa and loses puck.
16:35 of 2nd period - Slapshot by Alex Galchenyuk.
16:35 of 2nd period - Stopped by Louis Domingue without a rebound.
16:36 of 2nd period - Nathan MacKinnon wins face-off versus Austin Watson in Whalers zone.
16:49 of 2nd period - Snap shot by Phil Kessel.
16:49 of 2nd period - Shot Misses the Net.
17:01 of 2nd period - Wrist shot by Ryan Callahan.
17:01 of 2nd period - Shot Hit the Post.
17:03 of 2nd period - Slapshot by Ryan Pulock.
17:03 of 2nd period - Shot Misses the Net.
17:05 of 2nd period - Slapshot by Ryan Pulock.
17:05 of 2nd period - Shot Blocked by Joshua Morrissey.
17:07 of 2nd period - Slapshot by Ryan Pulock.
17:07 of 2nd period - Shot Misses the Net.
17:09 of 2nd period - Slapshot by Mark Barberio.
17:09 of 2nd period - Shot Blocked by Joshua Morrissey.
17:11 of 2nd period - Wrist shot by Mark Barberio.
17:11 of 2nd period - Stopped by Craig Anderson without a rebound.
17:12 of 2nd period - Austin Watson wins face-off versus Nathan MacKinnon in Jets zone.
17:17 of 2nd period - Wrist shot by Phil Kessel.
17:17 of 2nd period - Shot Misses the Net.
17:19 of 2nd period - Slapshot by Kris Russell.
17:19 of 2nd period - Stopped by Craig Anderson without a rebound.
17:20 of 2nd period - Nathan MacKinnon wins face-off versus Austin Watson in Jets zone.
17:33 of 2nd period - Off-side.
17:34 of 2nd period - Frederick Gaudreau wins face-off versus Drake Caggiula in neutral zone.
17:37 of 2nd period - Slapshot by Joshua Morrissey.
17:37 of 2nd period - Stopped by Louis Domingue without a rebound.
17:38 of 2nd period - Frederick Gaudreau wins face-off versus Drake Caggiula in Whalers zone.
17:39 of 2nd period - Wrist shot by Alex Galchenyuk.
17:39 of 2nd period - Stopped by Louis Domingue without a rebound.
17:40 of 2nd period - Frederick Gaudreau wins face-off versus Drake Caggiula in Whalers zone.
18:13 of 2nd period - Slapshot by Brett Ritchie.
18:13 of 2nd period - Shot Misses the Net.
18:15 of 2nd period - Slapshot by Josh Manson.
18:15 of 2nd period - Shot Misses the Net.
18:31 of 2nd period - Snap shot by Jacob Josefson.
18:31 of 2nd period - Stopped by Louis Domingue without a rebound.
18:32 of 2nd period - Lance Bouma wins face-off versus Jay McClement in Whalers zone.
18:32 of 2nd period - Lance Bouma is hit by Jacob Josefson.
18:56 of 2nd period - Eric Fehr is hit by Ryan Callahan and loses puck.
19:17 of 2nd period - Slapshot by Duncan Keith.
19:17 of 2nd period - Shot Blocked by Mark Barberio.
19:19 of 2nd period - Wrist shot by Jay McClement.
19:19 of 2nd period - Stopped by Louis Domingue with a rebound.
19:21 of 2nd period - Slapshot by Josh Gorges.
19:21 of 2nd period - Shot Misses the Net.
19:23 of 2nd period - Slapshot by Josh Gorges.
19:23 of 2nd period - Stopped by Louis Domingue with a rebound.
19:31 of 2nd period - Snap shot by Duncan Keith.
19:31 of 2nd period - Stopped by Louis Domingue with a rebound.
19:33 of 2nd period - Slapshot by Josh Gorges.
19:33 of 2nd period - Stopped by Louis Domingue with a rebound.
Goals for this period are 0 for Whalers vs 1 for Jets.
Shots for this period are 12 for Whalers vs 11 for Jets.

3rd period


0:01 of 3rd period - Frederick Gaudreau wins face-off versus Austin Watson in neutral zone.
0:05 of 3rd period - Minor Penalty to Dustin Byfuglien for Interference.
0:06 of 3rd period - Alex Galchenyuk wins face-off versus Phil Kessel in Whalers zone.
0:15 of 3rd period - Snap shot by Alex Galchenyuk.
0:15 of 3rd period - Deflect By Wayne Simmonds.
0:15 of 3rd period - Shot Misses the Net.
0:15 of 3rd period - Puck is out of play.
0:16 of 3rd period - Nathan MacKinnon wins face-off versus Phil Kessel in Whalers zone.
0:35 of 3rd period - Snap shot by Alex Galchenyuk.
0:35 of 3rd period - Stopped by Louis Domingue with a rebound.
0:37 of 3rd period - Snap shot by Nathan MacKinnon.
0:37 of 3rd period - Goal by Nathan MacKinnon - Whalers : 0 - Jets : 2.
0:38 of 3rd period - Austin Watson wins face-off versus Frederick Gaudreau in neutral zone.
1:12 of 3rd period - Minor Penalty to Josh Manson for Hooking.
1:13 of 3rd period - Jay McClement wins face-off versus Austin Watson in Jets zone.
1:23 of 3rd period - Snap shot by Phil Kessel.
1:23 of 3rd period - Stopped by Craig Anderson with a rebound.
1:25 of 3rd period - Slapshot by Dustin Byfuglien.
1:25 of 3rd period - Deflect By Phil Kessel.
1:25 of 3rd period - Shot Blocked by Jacob Josefson.
1:25 of 3rd period - Puck is out of play.
1:26 of 3rd period - Jay McClement wins face-off versus Austin Watson in Jets zone.
1:52 of 3rd period - Jay McClement is hit by Kris Versteeg and loses puck.
2:29 of 3rd period - Slapshot by Troy Brouwer.
2:29 of 3rd period - Stopped by Louis Domingue without a rebound.
2:30 of 3rd period - Phil Kessel wins face-off versus Colton Sissons in Whalers zone.
3:12 of 3rd period - Penalty to Josh Manson is over, Josh Manson is back on ice.
3:15 of 3rd period - Wrist shot by Troy Brouwer.
3:15 of 3rd period - Stopped by Louis Domingue with a rebound.
3:25 of 3rd period - Snap shot by Troy Brouwer.
3:25 of 3rd period - Deflect By Dennis Wideman.
3:25 of 3rd period - Shot Misses the Net.
3:25 of 3rd period - Puck is out of play.
3:26 of 3rd period - Lance Bouma wins face-off versus Frederick Gaudreau in Whalers zone.
3:53 of 3rd period - Scott Hartnell is hit by Wayne Simmonds and loses puck.
4:00 of 3rd period - Snap shot by Phil Kessel.
4:00 of 3rd period - Shot Hit the Post.
6:50 of 3rd period - Snap shot by Nic Dowd.
6:50 of 3rd period - Stopped by Craig Anderson with a rebound.
7:43 of 3rd period - Slapshot by Alex Galchenyuk.
7:43 of 3rd period - Shot Misses the Net.
7:53 of 3rd period - Wrist shot by Alex Galchenyuk.
7:53 of 3rd period - Stopped by Louis Domingue with a rebound.
7:59 of 3rd period - Snap shot by Dustin Byfuglien.
7:59 of 3rd period - Shot Misses the Net.
8:01 of 3rd period - Wrist shot by Byron Froese.
8:01 of 3rd period - Shot Misses the Net.
8:05 of 3rd period - Snap shot by Byron Froese.
8:05 of 3rd period - Goal by Byron Froese - Whalers : 1 - Jets : 2.
8:06 of 3rd period - Nathan MacKinnon wins face-off versus Scott Hartnell in neutral zone.
8:31 of 3rd period - Jimmy Vesey is hit by Lance Bouma and loses puck.
8:38 of 3rd period - Wrist shot by Ryan Callahan.
8:38 of 3rd period - Goal by Ryan Callahan - Whalers : 2 - Jets : 2.
8:39 of 3rd period - Nathan MacKinnon wins face-off versus Austin Watson in neutral zone.
9:18 of 3rd period - Eric Fehr is hit by Kris Versteeg and loses puck.
9:44 of 3rd period - Ryan Pulock is hit by Brett Ritchie and loses puck.
9:59 of 3rd period - Snap shot by Wayne Simmonds.
9:59 of 3rd period - Shot Misses the Net.
10:16 of 3rd period - Off-side.
10:17 of 3rd period - Jay McClement wins face-off versus Austin Watson in neutral zone.
10:24 of 3rd period - Snap shot by Jay McClement.
10:24 of 3rd period - Stopped by Louis Domingue with a rebound.
10:32 of 3rd period - Snap shot by Eric Fehr.
10:32 of 3rd period - Shot Misses the Net.
11:03 of 3rd period - Snap shot by Scott Hartnell.
11:03 of 3rd period - Shot Blocked by Nate Prosser.
11:22 of 3rd period - Wrist shot by Phil Kessel.
11:22 of 3rd period - Deflect By Scott Hartnell.
11:22 of 3rd period - Stopped by Craig Anderson without a rebound.
11:23 of 3rd period - Drake Caggiula wins face-off versus Colton Sissons in Jets zone.
11:24 of 3rd period - Slapshot by Kris Versteeg.
11:24 of 3rd period - Stopped by Craig Anderson without a rebound.
11:25 of 3rd period - Drake Caggiula wins face-off versus Colton Sissons in Jets zone.
11:36 of 3rd period - Wrist shot by Kris Versteeg.
11:36 of 3rd period - Stopped by Craig Anderson with a rebound.
11:38 of 3rd period - Snap shot by Drake Caggiula.
11:38 of 3rd period - Stopped by Craig Anderson without a rebound.
11:39 of 3rd period - Nathan MacKinnon wins face-off versus Drake Caggiula in Jets zone.
11:50 of 3rd period - Wrist shot by Loui Eriksson.
11:50 of 3rd period - Shot Misses the Net.
11:52 of 3rd period - Snap shot by Loui Eriksson.
11:52 of 3rd period - Stopped by Craig Anderson with a rebound.
11:54 of 3rd period - Slapshot by Dustin Byfuglien.
11:54 of 3rd period - Shot Misses the Net.
12:13 of 3rd period - Kris Russell is hit by Duncan Keith and loses puck.
13:30 of 3rd period - Icing by Wayne Simmonds.
13:31 of 3rd period - Jonny Brodzinski wins face-off versus Nathan MacKinnon in Jets zone.
13:43 of 3rd period - Off-side.
13:44 of 3rd period - Frederick Gaudreau wins face-off versus Austin Watson in neutral zone.
14:07 of 3rd period - Icing by Frederick Gaudreau.
14:08 of 3rd period - Nathan MacKinnon wins face-off versus Drake Caggiula in Jets zone.
14:19 of 3rd period - Wrist shot by Kris Versteeg.
14:19 of 3rd period - Stopped by Craig Anderson with a rebound.
14:21 of 3rd period - Snap shot by Kris Versteeg.
14:21 of 3rd period - Stopped by Craig Anderson without a rebound.
14:22 of 3rd period - Nathan MacKinnon wins face-off versus Austin Watson in Jets zone.
14:22 of 3rd period - Nathan MacKinnon is hit by Scott Hartnell.
14:38 of 3rd period - Wrist shot by Scott Hartnell.
14:38 of 3rd period - Stopped by Craig Anderson without a rebound.
14:39 of 3rd period - Drake Caggiula wins face-off versus Colton Sissons in Jets zone.
14:40 of 3rd period - Snap shot by Kris Versteeg.
14:40 of 3rd period - Shot Misses the Net.
14:42 of 3rd period - Snap shot by Loui Eriksson.
14:42 of 3rd period - Goal by Loui Eriksson - Whalers : 3 - Jets : 2.
14:43 of 3rd period - Nathan MacKinnon wins face-off versus Austin Watson in neutral zone.
15:08 of 3rd period - Kris Russell is hit by Colton Sissons and loses puck.
15:12 of 3rd period - Icing by Kris Versteeg.
15:13 of 3rd period - Colton Sissons wins face-off versus Drake Caggiula in Whalers zone.
15:14 of 3rd period - Slapshot by Duncan Keith.
15:14 of 3rd period - Stopped by Louis Domingue without a rebound.
15:15 of 3rd period - Austin Watson wins face-off versus Colton Sissons in Whalers zone.
15:15 of 3rd period - Austin Watson is hit by Colton Sissons.
15:32 of 3rd period - Off-side.
15:33 of 3rd period - Wayne Simmonds wins face-off versus Kris Versteeg in neutral zone.
15:50 of 3rd period - Troy Brouwer is hit by Loui Eriksson and loses puck.
16:03 of 3rd period - Snap shot by Kris Russell.
16:03 of 3rd period - Shot Blocked by Josh Manson.
16:16 of 3rd period - Phil Kessel is hit by Colton Sissons.
16:36 of 3rd period - Slapshot by Alex Galchenyuk.
16:36 of 3rd period - Stopped by Louis Domingue without a rebound.
16:37 of 3rd period - Drake Caggiula wins face-off versus Nathan MacKinnon in Whalers zone.
16:42 of 3rd period - Josh Gorges is hit by Dustin Byfuglien and loses puck.
16:49 of 3rd period - Snap shot by Loui Eriksson.
16:49 of 3rd period - Shot Misses the Net.
16:51 of 3rd period - Slapshot by Dustin Byfuglien.
16:51 of 3rd period - Deflect By Drake Caggiula.
16:51 of 3rd period - Stopped by Craig Anderson without a rebound.
16:52 of 3rd period - Colton Sissons wins face-off versus Austin Watson in Jets zone.
17:45 of 3rd period - Wrist shot by Kris Russell.
17:45 of 3rd period - Stopped by Craig Anderson without a rebound.
17:46 of 3rd period - Frederick Gaudreau wins face-off versus Lance Bouma in Jets zone.
17:57 of 3rd period - Wrist shot by Ryan Callahan.
17:57 of 3rd period - Deflect By Jonny Brodzinski.
17:57 of 3rd period - Shot Blocked by Josh Manson.
17:57 of 3rd period - Puck is out of play.
17:58 of 3rd period - Colton Sissons wins face-off versus Austin Watson in Jets zone.
18:05 of 3rd period - Snap shot by Jimmy Vesey.
18:05 of 3rd period - Shot Misses the Net.
18:07 of 3rd period - Wrist shot by Colton Sissons.
18:07 of 3rd period - Shot Blocked by Brooks Orpik.
18:09 of 3rd period - Snap shot by Brett Ritchie.
18:09 of 3rd period - Shot Blocked by Dennis Wideman.
18:11 of 3rd period - Wrist shot by Josh Manson.
18:11 of 3rd period - Shot Misses the Net.
18:23 of 3rd period - Brooks Orpik is hit by Wayne Simmonds and loses puck.
18:43 of 3rd period - Off-side.
18:44 of 3rd period - Frederick Gaudreau wins face-off versus Austin Watson in neutral zone.
18:56 of 3rd period - Wrist shot by Scott Hartnell.
18:56 of 3rd period - Stopped by Craig Anderson without a rebound.
18:57 of 3rd period - Dave Tippett call a timeout for Jets.
18:57 of 3rd period - Nathan MacKinnon wins face-off versus Austin Watson in Jets zone.
18:57 of 3rd period - Nathan MacKinnon is hit by Kris Russell.
19:05 of 3rd period - Dustin Byfuglien is hit by Marian Hossa and loses puck.
19:14 of 3rd period - Slapshot by Kris Russell.
19:14 of 3rd period - Stopped by Craig Anderson without a rebound.
19:15 of 3rd period - Austin Watson wins face-off versus Nathan MacKinnon in Jets zone.
19:28 of 3rd period - Wayne Simmonds is hit by Austin Watson and loses puck.
19:39 of 3rd period - Wrist shot by Scott Hartnell.
19:39 of 3rd period - Shot Misses the Net.
19:41 of 3rd period - Slapshot by Scott Hartnell.
19:41 of 3rd period - Deflect By Wayne Simmonds.
19:41 of 3rd period - Stopped by Craig Anderson without a rebound.
19:42 of 3rd period - Nathan MacKinnon wins face-off versus Austin Watson in Jets zone.
19:42 of 3rd period - Nathan MacKinnon is hit by Scott Hartnell.
19:56 of 3rd period - Slapshot by Scott Hartnell.
19:56 of 3rd period - Stopped by Craig Anderson without a rebound.
19:57 of 3rd period - Nathan MacKinnon wins face-off versus Austin Watson in Jets zone.
19:57 of 3rd period - Nathan MacKinnon is hit by Scott Hartnell.
Goals for this period are 3 for Whalers vs 1 for Jets.
Shots for this period are 19 for Whalers vs 8 for Jets.